 Dungeon Crawl Stone Soup version 0.32-a0-921-g04a7ad8e02 (webtiles) character file.

Game seed: 5825152792174208643

5 mopl the Caller (level 1, -1/13 HPs)
             Began as a Barachi Summoner on Apr 11, 2024.
             Slain by a ball python (3 damage)
             ... on level 1 of the Dungeon.
             The game lasted 00:00:23 (196 turns).

mopl the Caller (Barachi Summoner)                   Turns: 196, Time: 00:00:23

Health: -1/13      AC:  2    Str:  9    XL:     1   Next: 80%
Magic:  2/3        EV: 11    Int: 15    God:
Gold:   16         SH:  0    Dex: 12    Spells: 3/4 levels left

rFire   . . .        c - +0 short sword
rCold   . . .        (no shield)
rNeg    . . .        a - +0 robe
rPois   .            (no helmet)
rElec   .            (no cloak)
rCorr   .            (no gloves)
SInv    .            (no boots)
Will    .....        (no amulet)
Stlth   ++           (no ring)
HPRegen 0.22/turn    (no ring)
MPRegen 0.08/turn

%: no passive effects
@: unable to hop, slow
A: amphibious, slowness 1, strong legs 1, +LOS
a: Hop


You were on level 1 of the Dungeon.
You visited 1 branch of the dungeon, and saw 1 of its levels.

You collected 16 gold pieces.

Inventory:

Hand Weapons
 c - a +0 short sword (weapon)
Armour
 a - a +0 robe (worn)
Jewellery
 d - a ring of flight
Potions
 b - a potion of magic
 e - a potion of berserk rage {unknown}


   Skills:
 - Level 2.1 Dodging
 - Level 1.7 Stealth
 + Level 2.4 Spellcasting
 + Level 5.0 Summonings


You had 3 spell levels left.
You knew the following spells:

 Your Spells              Type           Power      Damage    Failure   Level
a - Summon Small Mammal   Summ           64%        N/A       2%          1

Your spell library contained the following spells:

 Spells                   Type           Power      Damage    Failure   Level
 Call Imp                 Summ           32%        N/A       4%          2
 Call Canine Familiar     Summ           16%        N/A       9%          3
 Jinxbite                 Hex            2%         N/A       32%         2
 Summon Blazeheart Golem  Fire/Summ      9%         N/A       58%         4
 Summon Lightning Spire   Summ/Air       9%         N/A       58%         4
 Yara's Violent Unravell  Hex/Alch       0%         3d3       99%         5
 Enfeeble                 Hex            0%         N/A       100%        7


Dungeon Overview and Level Annotations

Branches:
Dungeon (1/15)

Altars:


Innate Abilities, Weirdness & Mutations

You are amphibious.
You cover ground slowly.
You can hop short distances.
You have an extended range of vision and can be seen from far away.


Message History

Your Summonings skill increases to level 5!
No target in view!
No target in view!
No target in view!
You hit the endoplasm.
The endoplasm is severely wounded.
The endoplasm freezes you.
You are frozen.
You hit the endoplasm but do no damage.
The endoplasm is severely wounded.
The endoplasm barely misses you.
You hit the endoplasm.
You kill the endoplasm!
No target in view!
No target in view!
A ball python comes into view.
A ball python is nearby!
Found a leather armour.
The ball python hisses angrily.
The ball python bites you but does no damage.
The ball python completely misses you.
You barely miss the ball python. The ball python bites you.
The ball python grabs you. The ball python constricts you.
You closely miss the ball python. The ball python bites you.
The ball python constricts you.
You are too injured to fight recklessly!
You are too injured to fight recklessly!
The ball python's grasp on you weakens, but your attempt to escape fails.
The ball python bites you.
* * * LOW HITPOINT WARNING * * *
The ball python constricts you.
* * * LOW HITPOINT WARNING * * *
Hop to where?
Press: ? - help, Dir - move target You hop free of the ball python.
Boing!
Unknown command.
Casting: Summon Small Mammal (safe; 2% risk of failure)
Confirm with . or Enter, or press ? or * to list all spells.
The ball python bites you.
You die...

#......♣♣♣♣♣♣..## ###).##..♣
♣♣..# #....##.## ♣♣..
#.#..##.# ♣♣.
########....##.♣ ♣♣
##.......#......+ ♣
..............#.♣ ♣♣
.#.#####.#....#.# ♣♣.
#.#@.....## ♣♣..
#.#+#####.S.......♣ ♣...
........°r##......♣♣♣ ♣♣..#.
..........+ ........ ....##.
..........# ##.#...####.###.
..........# #.#.........##.
..........# #...........##.
..........#####..#..##...##.
....[.....##........##...##.


You could see a ball python (ally target) and a friendly quokka (summoned).

Vanquished Creatures
  A bat (D:1)
  An endoplasm (D:1)
  A kobold (D:1)
  2 rats (D:1)
5 creatures vanquished.

Notes
Turn   | Place    | Note
-------+----------+-------------------------------------------
     0 | D:1      | mopl the Barachi Summoner began the quest for the Orb.
     0 | D:1      | Reached XP level 1. HP: 13/13 MP: 3/3
   179 | D:1      | Reached skill level 5 in Summonings
   196 | D:1      | Slain by a ball python

Illustrated notes

Levels and vault maps discovered:
D:1:      dpeg_arrival_simpleton_b, layout_basic,
          dilly_ecumenical_altar_fadedgnrine, chequers_big_river

Skill      XL: |  1 |
---------------+----+-----
Summonings     | 5 |  5.0
Dodging        | |  2.1
Stealth        | |  1.7
Spellcasting   | |  2.4

Action                     || total
---------------------------++-------
  Melee: Short sword       ||    11
   Cast: Summon Small Mamm ||     1
Ability: Hop               ||     1
   Stab: Sleeping          ||     1
 Armour: Robe              ||    10
  Dodge: Dodged            ||     4

Table legend: (Time is in decaauts)
 A = Elapsed time spent in this place.
 B = Non-inter-level travel time spent in this place.
 C = Inter-level travel time spent in this place.
 D = Time resting spent in this place.
 E = Time spent auto-exploring this place.
 F = Levels seen in this place.
 G = Mean time per level.
                   A        B        C        D        E       F      G
               +--------+--------+--------+--------+--------+-----+--------+
         Total |    229 |    229 |      0 |      0 |    172 |   1 |  229.0 |
       Dungeon |    229 |    229 |      0 |      0 |    172 |   1 |  229.0 |
               +--------+--------+--------+--------+--------+-----+--------+

Top non-repeatable levels by time:
     D:1: 229 daAuts
